Map: King's Cove LE

Players

goblin - Winner!

  • Race: Protoss Protoss
  • Spawn Location: 11:00

Zanster

  • Race: Zerg Zerg
  • Spawn Location: 5:00

Event: 2019 WCS Spring

VOD

Have the link to the VOD?

Description

Time

  • Played on: May 17, 2019, 9:30 a.m.
  • Length: 9:59

All games in this series

Show
View Real Time Build Order
Export as new Build Order

goblin Protoss - Winner!

Build Orders: 1 Gate Expand, Chargelot Immortal, Dark Templar Rush 

Get SALT Encoding   

  12  0:00  Probe  
  13  0:12  Probe  
  14  0:19  Pylon  
  14  0:24  Probe  
  15  0:33  Probe  
  15  0:40  Gateway  
  15  0:41  Probe  
  16  0:47  Assimilator  
  17  0:51  Probe  
  18  1:03  Probe  
  19  1:20  Nexus  
  19  1:23  Probe  
  20  1:33  Cybernetics Core  
  20  1:37  Probe  
  21  1:43  Assimilator  
  21  1:49  Probe  
  21  1:51  Pylon  
  22  1:59  Stalker, Probe  
  22  2:07  Probe  
  23  2:15  Probe, Robotics Facility  
  26  2:21  Warp Gate  
  27  2:28  Probe  
  27  2:29  Probe  
  28  2:32  Adept  
  31  2:37  Probe  
  31  2:40  Probe  
  33  2:48  Probe  
  34  2:52  Immortal, Probe  
  35  3:00  Probe  
  40  3:09  Twilight Council  
  40  3:11  Probe  
  40  3:12  Probe  
  42  3:18  Pylon  
  42  3:23  Probe  
  42  3:24  Probe  
  42  3:25  Warp Prism  
  44  3:27  Gateway  
  44  3:37  Probe  
  44  3:38  Probe  
  48  3:47  Dark Shrine  
  48  3:50  Pylon  
  50  3:56  Immortal  
  50  4:00  Probe  
  50  4:01  Probe  
  54  4:09  Gateway  
  54  4:11  Gateway  
  54  4:20  Assimilator  
  54  4:21  Assimilator  
  54  4:26  Probe x2  
  54  4:27  Zealot  
  54  4:29  Adept  
  54  4:31  Observer  
  60  4:32  Pylon  
  61  4:38  Probe  
  61  4:44  Pylon  
  62  4:50  Probe  
  63  4:57  Nexus  
  63  5:00  Probe  
  63  5:04  Probe  
  61  5:14  Dark Templar x3  
  61  5:15  Dark Templar  
  61  5:19  Pylon  
  62  5:22  Pylon  
  62  5:23  Gateway  
  62  5:26  Pylon  
  62  5:33  Dark Templar  
  62  5:34  Sentry  
  64  5:37  Gateway  
  64  5:39  Immortal, Pylon  
  64  5:45  Probe x2  
  64  5:47  Gateway  
  64  5:48  Charge  
  70  5:58  Cybernetics Core  
  68  6:12  Gateway  
  68  6:13  Pylon  
  68  6:18  Immortal  
  70  6:36  Stargate x2  
  70  6:38  Stargate  
  70  6:44  Observer  
  70  6:50  Zealot x5  
  80  7:00  Nexus  
  80  7:02  Pylon  
  80  7:05  Immortal  
  80  7:13  Phoenix  
  84  7:20  Phoenix  
  84  7:21  Phoenix  
  90  7:26  Zealot, Shield Battery  
  90  7:27  Sentry  
  94  7:35  Zealot x2  
  94  7:37  Phoenix x2  
  99  7:46  Phoenix  
  103  7:54  Probe  
  104  8:02  Phoenix  
  104  8:03  Phoenix  
  108  8:09  Zealot  
  108  8:12  Pylon x2  
  110  8:14  Pylon  
  110  8:22  Probe x2  
  110  8:26  Probe  
  113  8:30  Probe x2  
  113  8:35  Sentry x3  
  113  8:38  Probe  
  113  8:40  Probe x2  
  124  8:50  Phoenix x2  
  124  8:58  Phoenix  
  130  9:02  Zealot  
  130  9:03  Zealot x4  
  130  9:04  Zealot  
  142  9:25  Zealot  
  142  9:26  Zealot x2  
  134  9:39  Zealot x4  
  112  9:55  Zealot x3  
Show
View Real Time Build Order
Export as new Build Order

Zanster Zerg 

Build Orders: Hatch First, Muta Ling Bane 

Get SALT Encoding   

  12  0:01  Drone  
  13  0:13  Overlord  
  13  0:18  Drone  
  14  0:32  Drone x2  
  16  0:50  Hatchery  
  16  0:52  Drone  
  16  0:56  Drone  
  17  0:59  Drone  
  18  1:10  Extractor  
  17  1:15  Spawning Pool  
  17  1:18  Drone  
  17  1:21  Drone  
  18  1:29  Drone  
  19  1:39  Drone  
  20  1:51  Drone  
  21  2:01  Overlord  
  21  2:02  Queen x2  
  21  2:03  Zergling x2  
  26  2:11  Metabolic Boost  
  26  2:12  Drone  
  28  2:15  Drone  
  28  2:22  Drone  
  29  2:31  Drone  
  30  2:37  Hatchery  
  30  2:42  Drone x2  
  31  2:46  Drone  
  31  2:48  Overlord  
  32  2:55  Queen  
  32  2:57  Drone  
  34  3:00  Drone  
  35  3:06  Drone  
  35  3:10  Drone x4  
  40  3:13  Drone  
  40  3:14  Drone  
  40  3:18  Overlord  
  42  3:20  Drone  
  42  3:23  Drone  
  44  3:30  Overlord  
  44  3:40  Extractor  
  43  3:44  Roach Warren, Drone x6  
  43  3:45  Drone  
  43  3:47  Drone  
  50  3:51  Zergling x4  
  52  3:57  Overlord  
  52  3:58  Lair  
  52  4:01  Extractor  
  51  4:06  Zergling x2  
  51  4:07  Zergling x4  
  51  4:09  Zergling x2  
  55  4:14  Overlord  
  55  4:15  Zergling x6  
  58  4:18  Zergling x4  
  60  4:24  Zergling x4  
  60  4:25  Zergling x4  
  64  4:31  Overlord  
  64  4:32  Overlord  
  63  4:47  Roach x4  
  63  4:52  Roach x6  
  83  4:56  Roach  
  84  5:01  Roach, Zergling x2  
  84  5:02  Zergling x4  
  84  5:06  Overlord  
  89  5:08  Drone  
  86  5:15  Zergling x4  
  86  5:16  Zergling x2  
  86  5:17  Zergling x2  
  86  5:21  Zergling x6  
  86  5:30  Spire  
  86  5:35  Drone x6  
  91  5:39  Drone  
  91  5:40  Overseer  
  81  5:45  Overseer  
  81  5:47  Overseer  
  75  5:52  Drone  
  75  5:53  Drone  
  73  5:59  Drone  
  73  6:00  Drone  
  74  6:04  Drone  
  74  6:05  Drone  
  74  6:09  Drone x2  
  78  6:13  Drone x3  
  79  6:20  Drone x3  
  79  6:25  Glial Reconstitution  
  81  6:33  Overlord  
  81  6:36  Roach, Zergling x10  
  88  6:40  Overlord  
  88  6:45  Mutalisk x2  
  92  6:47  Roach, Zergling x2  
  92  6:50  Overlord  
  93  6:55  Roach, Zergling x4  
  93  6:59  Roach, Zergling x2  
  99  7:03  Overlord  
  99  7:10  Drone x6  
  99  7:14  Drone  
  106  7:21  Drone  
  106  7:22  Drone x5  
  112  7:26  Overlord  
  112  7:27  Evolution Chamber, Hydralisk Den  
  110  7:35  Extractor, Drone x6  
  110  7:36  Extractor  
  114  7:37  Overlord  
  114  7:47  Baneling Nest  
  114  7:49  Roach x5  
  123  7:51  Roach  
  123  7:53  Overlord  
  123  7:58  Zerg Missile Weapons Level 1  
  123  8:00  Drone  
  123  8:01  Drone x4  
  123  8:04  Hydralisk x3  
  134  8:09  Ravager  
  134  8:11  Muscular Augments, Extractor  
  133  8:16  Hatchery  
  132  8:22  Hydralisk x2, Drone x2  
  132  8:25  Drone  
  138  8:27  Spore Crawler, Overlord  
  138  8:33  Centrifical Hooks  
  137  8:38  Hydralisk x2  
  137  8:39  Zergling x6  
  144  8:44  Hydralisk x2  
  140  8:55  Hydralisk x4  
  138  8:59  Overseer  
  144  9:03  Baneling x3  
  144  9:06  Zergling x2  
  144  9:07  Zergling x16  
  144  9:08  Baneling  
  144  9:09  Baneling x2  
  153  9:15  Overseer x2  
  151  9:20  Overlord  
  150  9:26  Overlord x2  
  150  9:28  Baneling  
  150  9:29  Baneling x8  
  149  9:38  Zergling x10  
Tags
 
Add a new tag
Caveats
  • Supply blocks, unpowered buildings, or Contaminate may cause inaccurate times.
  • Supply counts are checked every 10 seconds.